 Dungeon Crawl Stone Soup version 0.18.1-5-g4a78601 (webtiles) character file.

132 LORDOFBUTT the Skirmisher (level 4, -1/38 HPs)
             Began as a Demonspawn Berserker on May 9, 2016.
             Was a Believer of Trog.
             Succumbed to kobold's curare-tipped needle
             ... on level 3 of the Dungeon.
             The game lasted 00:03:10 (2075 turns).

LORDOFBUTT the Skirmisher (Demonspawn Berserker)    Turns: 2075, Time: 00:03:11

Health: -1/38      AC: 11    Str: 18    XL:     4   Next: 92%
Magic:  4/4        EV: 12    Int:  8    God:    Trog [**....]
Gold:   151        SH:  0    Dex: 13    Spells: 0 memorised, 3 levels left

rFire  . . .     SeeInvis +     a - +0 spear
rCold  . . .     Gourm    .     q - +2 ring mail {MR+}
rNeg   . . .     Faith    .     (no shield)
rPois  .         Spirit   .     j - +1 helmet
rElec  .         Dismiss  .     (no cloak)
rCorr  .         Reflect  .     (no gloves)
SustAt +         Harm     .     (no boots)
MR     +....                    (no amulet)
Stlth  +.........               b - ring of sustain attributes
                                f - ring of see invisible

@: lethally poisoned (-1 -> -44), about to teleport, slowed, very slow, somewhat
resistant to hostile enchantments, very unstealthy
A: rugged brown scales 2
a: Berserk, Trog's Hand, Burn Spellbooks, Renounce Religion


You were on level 3 of the Dungeon.
You worshipped Trog.
Trog was pleased with you.
You were not hungry.

You visited 1 branch of the dungeon, and saw 3 of its levels.

You collected 151 gold pieces.

Inventory:

Hand Weapons
 a - a +0 spear (weapon)
Armour
 j - a +1 helmet (worn)
 q - a +2 ring mail of magic resistance (worn)
Jewellery
 b - a ring of sustain attributes (right hand)
 f - a ring of see invisible (left hand)
Wands
 d - a wand of polymorph (18/24)
 p - a wand of slowing (15/48)
Scrolls
 e - a scroll of remove curse
 g - a scroll of blinking {unknown}
 h - a scroll of teleportation
 k - a scroll of enchant armour {unknown}
 n - 2 scrolls of enchant weapon {unknown}
 o - a scroll of fear {unknown}
Potions
 l - a potion of flight
 m - a potion of heal wounds
 r - a potion of ambrosia {unknown}
 s - a potion of might {unknown}
Comestibles
 c - 3 bread rations
 i - 2 meat rations


   Skills:
 + Level 3.9 Fighting
 + Level 3.6 Polearms
 + Level 2.1 Armour
 + Level 2.8 Dodging
 + Level 0.8 Stealth


You had 3 spell levels left.
You didn't know any spells.

Dungeon Overview and Level Annotations

Branches:
Dungeon (3/15)

Altars:


Innate Abilities, Weirdness & Mutations

You are mostly covered in rugged brown scales (AC +2, +5% HP).


Message History

You feel sick.
The kobold shoots a curare-tipped needle.
The curare-tipped needle hits you.
You are lethally poisoned!
You have difficulty breathing.
You feel as though you will be slow longer.
The orc hits you but does no damage.
The kobold shoots a curare-tipped needle.
The curare-tipped needle hits you.
You are more poisoned.
You have difficulty breathing.
* * * LOW HITPOINT WARNING * * *
You feel as though you will be slow longer.
Read which item? (? for menu, Esc to quit)
As you read the scroll labeled ZEIRHU WESE, it crumbles to dust.
You feel strangely unstable.
It was a scroll of teleportation.
* * * LOW HITPOINT WARNING * * *
You feel very sick. The orc hits you but does no damage. The orc misses you.
You die...

.....[........>#
##############.# #.#
###########.#
#.........#.#
####..<......#.########
...............(......#
.......[........(.....#
................@(o...#
.................s....#
.......................#
######+#+####.....K....#
# #..........# .
.?..........# #
.##..........# .
#........... .


You could see an orc, a giant cockroach and a kobold.

Vanquished Creatures
  Ijyb (D:2)
  Robin (D:2)
  3 adders (D:2)
  2 worms (D:2)
  A dart slug (D:2)
  A ball python (D:2)
  11 goblins
  7 hobgoblins
  4 jackals (D:1)
  11 kobolds
  8 bats
  2 giant newts
  7 rats
59 creatures vanquished.

Notes
Turn   | Place    | Note
--------------------------------------------------------------
     0 | D:1      | LORDOFBUTT the Demonspawn Berserker began the quest for the Orb.
     0 | D:1      | Reached XP level 1. HP: 18/18 MP: 1/1
   198 | D:1      | Gained mutation: You are partially covered in rugged brown scales (AC +1, +3% HP). [demonic ancestry]
   198 | D:1      | Reached XP level 2. HP: 18/24 MP: 2/2
  1049 | D:2      | Gained mutation: You are mostly covered in rugged brown scales (AC +2, +5% HP). [demonic ancestry]
  1049 | D:2      | Reached XP level 3. HP: 18/30 MP: 3/3
  1085 | D:2      | Reached ** piety under Trog
  1088 | D:2      | Noticed Robin
  1106 | D:2      | Killed Robin
  1262 | D:2      | Reached XP level 4. HP: 27/37 MP: 4/4
  1470 | D:2      | Noticed Ijyb
  1516 | D:2      | Killed Ijyb
  2075 | D:3      | Succumbed to kobold's curare-tipped needle

Skill      XL: |  1  2  3 |
---------------+----------+-----
Dodging        | 2 |  2.8
Polearms       | 3 |  3.6
Armour         | 2 |  2.1
Fighting       | |  3.9
Stealth        | |  0.8

Action                   |  1- 3 |  4- 6 || total
-------------------------+-------+-------++-------
Melee: Spear             |    90 |   110 ||   200
       Unarmed           |    12 |       ||    12
Invok: Berserk           |     2 |       ||     2
  Use: Scroll            |     3 |     1 ||     4
 Stab: Sleeping          |     2 |     2 ||     4
  Eat: Meat ration       |     1 |       ||     1
       Beef jerky        |     1 |       ||     1
Armor: Animal skin       |     8 |    16 ||    24
       Skin              |     7 |       ||     7
       Ring mail         |       |    10 ||    10
Dodge: Dodged            |    55 |    51 ||   106
